 Dungeon Crawl Stone Soup version 0.19.0-9-gfd783f2 (webtiles) character file.

283 Quirk the Skirmisher (level 6, -8/39 HPs)
             Began as a Gargoyle Fighter on Nov 7, 2016.
             Killed by divine providence
             ... invoked by an orc priest
              (16 damage)
             ... on level 3 of the Dungeon.
             The game lasted 00:02:38 (1946 turns).

Quirk the Skirmisher (Gargoyle Fighter)             Turns: 1946, Time: 00:02:39

Health: -8/39      AC: 11    Str: 21    XL:     6   Next: 28%
Magic:  6/6        EV:  8    Int:  8    God:
Gold:   124        SH:  9    Dex: 10    Spells: 0 memorised, 5 levels left

rFire  . . .     SeeInvis .     a - +0 flail
rCold  . . .     Gourm    .     b - +0 scale mail
rNeg   + . .     Faith    .     c - +0 shield
rPois  ∞         Spirit   .     (no helmet)
rElec  +         Reflect  .     (no cloak)
rCorr  .         Harm     .     (no gloves)
MR     +....                    (no boots)
Stlth  ..........               (no amulet)
                                (no ring)
                                l - ring of protection from magic

@: no status effects
A: negative energy resistance 1, electricity resistance, unbreathing,
petrification resistance, rot immunity, AC +4
a: no special abilities


You were on level 3 of the Dungeon.
You were hungry.

You visited 1 branch of the dungeon, and saw 3 of its levels.

You collected 124 gold pieces.

Inventory:

Hand Weapons
 a - a +0 flail (weapon)
Armour
 b - a +0 scale mail (worn)
 c - a +0 shield (worn)
Jewellery
 l - a ring of protection from magic (left hand)
 r - a cursed ring of loudness {unknown}
 s - a cursed ring of loudness {unknown}
Scrolls
 e - a scroll of fear {unknown}
 i - 2 scrolls of identify {unknown}
 k - a scroll of amnesia {unknown}
 n - a scroll of blinking {unknown}
 o - a scroll of magic mapping {unknown}
 p - 2 scrolls of remove curse {unknown}
 u - a scroll of teleportation {unknown}
Potions
 d - a potion of might
 g - a potion of flight {unknown}
 j - 3 potions of ambrosia {unknown}
 m - 2 potions of mutation {unknown}
 q - a potion of lignification {unknown}
 t - a potion of heal wounds {unknown}
 w - a potion of invisibility {unknown}
Comestibles
 f - a bread ration
 h - a royal jelly
 v - a slice of pizza


   Skills:
 + Level 4.5 Fighting
 + Level 3.3 Maces & Flails
 + Level 4.4 Armour
 + Level 1.9 Dodging
 + Level 4.2 Shields


You had 5 spell levels left.
You didn't know any spells.

Dungeon Overview and Level Annotations

Branches:
Dungeon (3/15)

Altars:
Hepliaklqana


Innate Abilities, Weirdness & Mutations

You are resistant to torment.
Your stone body is resilient. (AC +4)
You are immune to poison.
You resist negative energy. (rN+)
You are resistant to electric shocks. (rElec)
You can survive without breathing.
You are immune to petrification.
You are immune to rotting.


Message History

The orc priest is heavily wounded.
The orc priest hits you but does no damage.
Your scale mail prevents you from hitting the orc priest.
The orc priest is heavily wounded.
You block the orc priest's attack.
The orc priest mumbles some strange prayers to Beogh against you.
Beogh smites you!
* * * LOW HITPOINT WARNING * * *
You closely miss the orc priest.
The orc priest is heavily wounded.
You block the orc priest's attack.
You barely miss the orc priest.
The orc priest is heavily wounded.
The orc priest closely misses you.
You hit the orc priest.
The orc priest is severely wounded.
The orc priest closely misses you.
The orc priest calls down the wrath of Beogh upon you.
Beogh smites you!
You die...

###### #.#
#.#### #....#
####.#
#####+####)#
#.......##)#
#.......##.#
#......r##.#
##......oo@.#
.........####
........$#
...........
.......#.#o#
.......#.#...
...$...#.#
###
.......#.#
########.#


You could see an orc priest, an orc and a rat.

Vanquished Creatures
  Sigmund (D:2)
  5 adders
  An ooze (D:3)
  2 worms (D:2)
  A dart slug (D:1)
  8 orcs (D:3)
  7 bats
  2 giant cockroaches
  8 goblins
  5 hobgoblins
  8 kobolds
  A quokka (D:3)
  3 frilled lizards (D:2)
  5 rats
57 creatures vanquished.

Notes
Turn   | Place    | Note
-------+----------+-------------------------------------------
     0 | D:1      | Quirk the Gargoyle Fighter began the quest for the Orb.
     0 | D:1      | Reached XP level 1. HP: 14/14 MP: 1/1
   160 | D:1      | Reached XP level 2. HP: 19/19 MP: 2/2
   330 | D:1      | Reached XP level 3. HP: 20/23 MP: 3/3
   784 | D:2      | Reached skill level 1 in Dodging
   876 | D:2      | Reached XP level 4. HP: 11/29 MP: 4/4
  1193 | D:2      | Noticed Sigmund
  1214 | D:2      | Killed Sigmund
  1214 | D:2      | Reached XP level 5. HP: 17/34 MP: 5/5
  1214 | D:2      | Reached XP level 6. HP: 20/39 MP: 6/6
  1436 | D:2      | Found a hazy altar of Hepliaklqana.
  1946 | D:3      | Killed from afar by an orc priest

Skill      XL: |  1  2  3  4 |
---------------+-------------+-----
Dodging        | 1 |  1.9
Fighting       | 4 |  4.5
Maces & Flails | 3 |  3.3
Armour         | 4 |  4.4
Shields        | 4 |  4.2

Action                   |  1- 3 |  4- 6 || total
-------------------------+-------+-------++-------
Melee: Flail             |   123 |   146 ||   269
  Eat: Chunk             |       |     3 ||     3
Armor: Scale mail        |    71 |    61 ||   132
Dodge: Dodged            |    36 |    51 ||    87
Block: Shield            |    62 |    70 ||   132
